 Dungeon Crawl Stone Soup version 0.25.0-9-g26727b657a (webtiles) character file.

Game seed: 14596283478441866080

86151 grindst0ne the Champion of Chaos (level 15, -5/140 HPs)
             Began as a Deep Dwarf Artificer on June 20, 2020.
             Was the Champion of Makhleb.
             Killed by divine providence
             ... invoked by an orc priest
              (10 damage)
             ... on level 2 of the Orcish Mines.
             The game lasted 01:40:09 (23755 turns).

grindst0ne the Champion of Chaos (DDAr)            Turns: 23755, Time: 01:40:10

Health: -5/140     AC: 24    Str: 22    XL:     15   Next: 40%
Magic:  11/11      EV:  9    Int: 12    God:    Makhleb [******]
Gold:   1238       SH:  5    Dex: 15    Spells: 14/14 levels left

rFire    . . .     SeeInvis +   a - +4 battleaxe (vamp)
rCold    . . .     Gourm    .   (shield currently unavailable)
rNeg     + . .     Faith    .   G - +3 chain mail
rPois    .         Spirit   .   (no helmet)
rElec    +         Reflect  +   k - +0 cloak
rCorr    .         Harm     .   r - +2 pair of gloves of Goha {Dex+2}
MR       ++...                  (no boots)
Stlth    ..........             m - amulet of reflection
HPRegen  0.00/turn              h - +4 ring of protection
MPRegen  0.12/turn              F - ring of Discretion {rElec Slay+3 SInv}

@: non-regenerating, lightly drained
A: damage resistance, heal wounds, negative energy resistance 1, sense
surroundings 2, no regeneration
a: Heal Wounds, Minor Destruction, Lesser Servant of Makhleb, Major Destruction,
Greater Servant of Makhleb, Renounce Religion


You were on level 2 of the Orcish Mines.
You worshipped Makhleb.
Makhleb was exalted by your worship.
You were not hungry.

You visited 4 branches of the dungeon, and saw 24 of its levels.
You also visited: Sewer, Gauntlet and Ice Cave.

You collected 1557 gold pieces.
You spent 319 gold pieces at shops.

Inventory:

Hand Weapons
 a - a +4 vampiric battleaxe (weapon)
 W - the +1 trident "Heovvu" {drain, +Blink}
   (You bought it in a shop on level 10 of the Dungeon)

   A truly terrible weapon, it drains the life of those it strikes.
   It lets you blink.
Missiles
 i - 3 atropa-tipped darts
 o - 97 poisoned darts (quivered)
 S - 25 javelins
Armour
 k - a +0 cloak (worn)
 r - the +2 pair of gloves of Goha (worn) {Dex+2}
   (You found it in a Gauntlet)

   It affects your dexterity (+2).
 G - a +3 chain mail (worn)
 Y - a +2 tower shield of positive energy
Jewellery
 h - a +4 ring of protection (left hand)
 m - an amulet of reflection (around neck)
 x - an uncursed ring of resist corrosion
 F - the ring of Discretion (right hand) {rElec Slay+3 SInv}
   (You found it on level 5 of the Lair of Beasts)

   [ring of see invisible]

   It affects your accuracy and damage with ranged weapons and melee attacks
   (+3).
   It insulates you from electricity.
   It lets you see invisible.
Wands
 p - a wand of enslavement (7)
 s - a wand of polymorph (32)
 A - a wand of clouds (4)
 O - a wand of flame (25)
 P - a wand of iceblast (4)
Scrolls
 d - 3 scrolls of immolation
 n - 11 scrolls of remove curse
 q - 2 scrolls of amnesia
 y - 3 scrolls of teleportation
 z - 4 scrolls of magic mapping
 C - 3 scrolls of blinking
 E - 5 scrolls of enchant armour
 I - 3 scrolls of fog
 J - 4 scrolls of fear
 V - 4 scrolls of enchant weapon
Potions
 g - 6 potions of haste
 j - 3 potions of heal wounds
 l - 2 potions of berserk rage
 t - 2 potions of lignification
 u - 5 potions of might
 w - 5 potions of resistance
 B - 5 potions of curing
 D - a potion of cancellation
 H - 4 potions of flight
 K - 2 potions of brilliance
 R - 4 potions of invisibility
 T - 2 potions of ambrosia
 U - 4 potions of mutation
Miscellaneous
 c - a lightning rod (3/4)
 M - 2 boxes of beasts
 X - a phantom mirror
 Z - a phial of floods
Comestibles
 b - 4 chunks of flesh
 f - 40 rations


   Skills:
 + Level 10.4(10.1) Fighting
   Level 0.8(0.6) Short Blades
 + Level 10.2(9.9) Axes
   Level 3.0(2.7) Slings
 + Level 12.2(11.8) Armour
 - Level 2.1(1.9) Dodging
 - Level 1.2(0.9) Stealth
 * Level 15.5(15.1) Shields
 * Level 16.7(16.4) Invocations
 - Level 8.5(8.2) Evocations


You had 14 spell levels left.
You didn't know any spells.
Your spell library contained the following spells:

 Spells                   Type           Power        Failure   Level  Hunger
 Beastly Appendage        Tmut           #.....       88%         1    ##.....
 Sandblast                Erth           #.....       88%         1    ##.....
 Sting                    Tmut/Pois      #...         88%         1    ##.....
 Summon Butterflies       Summ           #.......     88%         1    ##.....
 Summon Small Mammal      Summ           #...         88%         1    ##.....
 Call Imp                 Summ           #.......     95%         2    ###....
 Poisonous Vapours        Pois/Air       #.....       95%         2    ###....
 Sticks to Snakes         Tmut           #.......     95%         2    ###....
 Call Canine Familiar     Summ           #.......     99%         3    ####...
 Ignite Poison            Fire/Tmut/Pois #.......     99%         3    ####...
 Mephitic Cloud           Conj/Pois/Air  #.......     99%         3    ####...
 Spider Form              Tmut/Pois      #.........   99%         3    ####...
 Summon Guardian Golem    Hex/Summ       #.......     99%         3    ####...
 Ice Form                 Ice/Tmut       #.......     100%        4    #####..
 Olgreb's Toxic Radiance  Pois           #.......     100%        4    #####..
 Summon Ice Beast         Ice/Summ       #.......     100%        4    #####..
 Summon Lightning Spire   Summ/Air       #.......     100%        4    #####..
 Blade Hands              Tmut           #.........   100%        5    ######.
 Bolt of Magma            Conj/Fire/Erth #.........   100%        5    ######.
 Fireball                 Conj/Fire      #.........   100%        5    ######.
 Iskenderun's Battlesphe  Conj/Chrm      #.......     100%        5    ######.
 Lee's Rapid Deconstruct  Erth           #.........   100%        5    ######.
 Summon Mana Viper        Hex/Summ       #.......     100%        5    ######.
 Iron Shot                Conj/Erth      #.........   100%        6    #######
 Starburst                Conj/Fire      #.........   100%        6    #######
 Statue Form              Tmut/Erth      #........    100%        6    #######
 Orb of Destruction       Conj           #.........   100%        7    #######
 Ring of Flames           Chrm/Fire      #.........   100%        7    #######
 Spellforged Servitor     Conj/Summ      #.........   100%        7    #######
 Summon Hydra             Summ           #.........   100%        7    #######
 Ignition                 Fire           #.........   100%        8    #######


Dungeon Overview and Level Annotations

Branches:
Dungeon (15/15)            Temple (1/1) D:7            Lair (6/6) D:11
 Shoals (0/4) Lair:4        Snake (0/4) Lair:2        Slime (0/5) Lair:5
    Orc (2/2) D:11         Vaults (0/5) D:13         Depths (0/5) D:15
  Sewer (visited)           IceCv (visited)         Gauntlet (visited)
    Elf: Orc:2

Altars:
Ashenzari
Cheibriados
Elyvilon
Gozag
Kikubaaqudgha
Makhleb
Nemelex Xobeh
Qazlal
Ru
Trog
Uskayaw
Xom
The Shining One

Shops:
D:10 }(   D:13 !!   Orc:2 :}

Portals:
Trove: D:14 (give 14 scrolls of teleportation)

Annotations:
D:7 exclusion: downstairs
D:9 exclusion: downstairs
Lair:4 exclusion: 3 oklob plants


Innate Abilities, Weirdness & Mutations

You are resistant to damage.
You can heal yourself by infusing magical energy.
You resist negative energy. (rN+)
You passively map the area around you.
You do not regenerate.


Message History

The orc priest mumbles some strange prayers to Beogh against you.
Beogh smites you!
* * * LOW HITPOINT WARNING * * *
The ice devil hits you but does no damage.
The orc knight is engulfed in freezing vapours.
You hit the orc knight.
The orc knight is almost dead.
You closely miss the orc high priest. You slash the orc warrior!
You slash the ice devil! You block the orc high priest's attack.
The orc warrior hits you with a +0 long sword!
* * * LOW HITPOINT WARNING * * *
The ice devil hits you!
* * * LOW HITPOINT WARNING * * *
The ice devil freezes you!
* * * LOW HITPOINT WARNING * * *
The orc wizard mumbles some strange words.
The orc wizard blinks!
The orc priest invokes the aid of Beogh against you.
Beogh smites you!
You die...

###........#........#......
###.##......)).......##.)....
#....##.................)....
*......#....o.........♣..)...#
*#.......)....§.§#..♣.∩.♣....#
##..................♣.#....#
....#......§3...§§.....#....
.............o§.§o...........
............@o§..#...........
............o4§§§§...........
#............§§§§§...........
..............§☼§§o........#.
#.#............§§§....#.)...#
##.............§§§....#.)....
.....##..........##.o...# *
,....,...........#....... *
#......#....#......


You could see an orc knight, an orc high priest (strong), a sun demon
(summoned), an ice devil (summoned), an orc sorcerer (strong), an orc warrior
(strong), an orc priest (strong) and an orc wizard (fast, strong).

Vanquished Creatures
  Jorgrun (D:13)
  Rupert (D:13)
  The ghost of MisterFreud the Thaumaturge, a journeyman GnIE of Ru (D:13)
  Snorg (D:13)
  4 hydras
  4 centaur warriors
  3 catoblepae (Lair:6)
  An ogre mage (D:15)
  9 two-headed ogres
  9 death yaks
  2 skeletal warriors (D:15)
  A golden dragon zombie (D:15)
  2 unseen horrors
  An orc knight (Orc:2)
  3 necromancers
  A phantasmal warrior (D:15)
  An orc sorcerer (Orc:2)
  2 manticores (Lair:6)
  2 oklob plants (D:11)
  A deep elf mage (D:15)
  2 cyclopes
  An ugly thing (D:12)
  9 elephants
  5 black mambas
  A guardian serpent (Lair:2)
  5 centaur zombies
  An ice statue (IceCv)
  A minotaur zombie (Gauntlet)
  A gargoyle (D:15)
  9 spiny frogs
  3 rime drakes
  An efreet (D:15)
  9 komodo dragons
  8 freezing wraiths (IceCv)
  A polar bear (Lair:4)
  2 trolls
  A wolf spider simulacrum (IceCv)
  4 slime creatures (D:15)
  4 hippogriffs
  11 blink frogs
  An ettin zombie (D:15)
  7 dream sheep
  Prince Ribbit (D:9)
  A meliai zombie (D:14)
  Sigmund (D:5)
  A deep troll skeleton (D:15)
  8 flying skulls (Gauntlet)
  3 wyverns
  67 yaks
  2 basilisks
  A steam dragon (D:12)
  7 vampire mosquitoes
  4 hungry ghosts
  A tengu zombie (D:15)
  Duvessa (D:5)
  3 acid dragons
  22 water moccasins
  6 ice beasts
  14 orc warriors
  5 porcupines
  2 eyes of draining
  2 black bears
  3 phantoms
  3 sky beasts
  A necrophage (D:7)
  10 ogres
  12 wolves
  6 centaurs
  18 crocodiles
  3 big kobolds
  18 bullfrogs
  Dowan (D:5)
  2 scorpions
  17 killer bees
  4 wights (D:6)
  An electric eel (Lair:6)
  3 howler monkeys
  4 crimson imps
  A wyvern simulacrum (D:14)
  2 draconian simulacra (IceCv)
  5 jellies
  4 centaur skeletons
  2 bullfrog zombies
  9 orc priests
  9 hounds
  Jessica (D:3)
  3 bullfrog skeletons
  12 worker ants
  Natasha (D:3)
  4 iguanas
  15 orc wizards
  7 troll simulacra (IceCv)
  A spriggan simulacrum (IceCv)
  A killer bee zombie (D:8)
  5 centaur simulacra
  A hound zombie (D:7)
  2 worker ant zombies (D:8)
  11 gnolls
  5 naga simulacra (IceCv)
  3 river rats
  16 adders
  An ogre simulacrum (IceCv)
  4 shadow imps
  11 white imps (IceCv)
  2 oozes (D:1)
  An adder zombie (D:7)
  3 worms
  4 dart slugs
  4 leopard geckos
  65 orcs
  3 ball pythons
  10 bats
  6 giant cockroaches
  10 goblins
  9 hobgoblins
  9 jackals
  19 kobolds
  2 quokkas
  4 frilled lizards
  A leopard gecko skeleton (D:6)
  13 rats
  A fungus (Lair:5)
  3 plants
700 creatures vanquished.

Vanquished Creatures (collateral kills)
  A minotaur (Gauntlet)
  A hydra (D:12)
  2 orc sorcerers (Orc:2)
  2 ugly things (D:12)
  A black mamba (Lair:2)
  2 freezing wraiths (IceCv)
  A yak (D:13)
  A hungry ghost (D:9)
  A death yak simulacrum (IceCv)
  A warg (Orc:2)
  4 orc warriors (Orc:2)
  3 ice beasts (IceCv)
  6 killer bees
  A howler monkey (D:10)
  A hound (D:6)
  3 orc priests
  A bullfrog skeleton (D:7)
  2 orc wizards
  A worker ant (D:12)
  2 polar bear simulacra (IceCv)
  A white imp (IceCv)
  10 orcs
  2 jackals (D:7)
50 creatures vanquished.

Vanquished Creatures (others)
  A troll (D:9)
  An orc warrior (D:11)
  3 killer bees
  An orc (D:7)
  5 demonic plants (Gauntlet)
  5 fungi
  14 plants
  8 withered plants (D:15)
38 creatures vanquished.

Grand Total: 788 creatures vanquished

Notes
Turn   | Place    | Note
-------+----------+-------------------------------------------
     0 | D:1      | grindst0ne the Deep Dwarf Artificer began the quest for the
                  | Orb.
     0 | D:1      | Reached XP level 1. HP: 16/16 MP: 3/3
    48 | D:1      | Reached skill level 1 in Fighting
    94 | D:1      | Reached XP level 2. HP: 25/25 MP: 5/5
   109 | D:1      | Reached skill level 1 in Armour
   311 | D:1      | Reached XP level 3. HP: 31/31 MP: 6/6
   700 | D:2      | Reached skill level 5 in Evocations
   700 | D:2      | Reached XP level 4. HP: 29/39 MP: 7/7
  1192 | D:2      | Reached XP level 5. HP: 37/46 MP: 9/9
  1780 | D:3      | Noticed Jessica
  1850 | D:3      | Killed Jessica
  2379 | D:4      | Noticed Natasha
  2397 | D:3      | Killed Natasha
  2397 | D:3      | Reached XP level 6. HP: 31/56 MP: 10/10
  2951 | D:5      | Entered Level 5 of the Dungeon
  3073 | D:5      | Reached skill level 1 in Shields
  3211 | D:5      | Noticed Duvessa
  3212 | D:5      | Noticed Dowan
  3226 | D:5      | Killed Duvessa
  3226 | D:5      | Reached XP level 7. HP: 58/63 MP: 9/9
  3266 | D:5      | Killed Dowan
  3367 | D:5      | Noticed Sigmund
  3379 | D:5      | Killed Sigmund
  3731 | D:6      | Reached skill level 5 in Armour
  3771 | D:6      | Reached XP level 8. HP: 51/73 MP: 10/10
  3902 | D:6      | Found a glowing drain.
  3906 | Sewer    | Entered a sewer
  4102 | Sewer    | Found a white marble altar of Elyvilon.
  4465 | D:6      | Reached skill level 5 in Shields
  4666 | D:6      | Reached skill level 5 in Fighting
  5208 | D:7      | Found a staircase to the Ecumenical Temple.
  5234 | Temple   | Entered the Ecumenical Temple
  5240 | Temple   | Became a worshipper of Makhleb the Destroyer
  5396 | D:7      | Reached skill level 1 in Invocations
  5414 | D:7      | Gained mutation: You passively map the area around you.
                  | [Deep Dwarf growth]
  5414 | D:7      | Reached XP level 9. HP: 58/81 MP: 11/11
  5738 | D:7      | Reached skill level 2 in Invocations
  5863 | D:7      | Reached * piety under Makhleb
  5942 | D:7      | Reached skill level 3 in Invocations
  6116 | D:7      | Found a shattered altar of Ashenzari.
  6116 | D:7      | Found an ancient bone altar of Kikubaaqudgha.
  6520 | D:8      | Found a hide-covered altar of Uskayaw.
  6520 | D:8      | Noticed a +0 dagger
  6520 | D:8      | Noticed a +0 hand axe
  6595 | D:8      | Reached skill level 4 in Invocations
  6882 | D:8      | Got a transparent hunting sling
  6883 | D:8      | Identified the +4 hunting sling of Vepesem {flame, +Fly rC+
                  | MR+} (You found it on level 8 of the Dungeon)
  7490 | D:8      | Reached skill level 5 in Invocations
  7540 | D:8      | Reached skill level 1 in Slings
  7920 | D:9      | Found a stormy altar of Qazlal.
  7941 | D:9      | Noticed a troll
  7962 | D:9      | Reached skill level 1 in Axes
  7995 | D:9      | Reached skill level 6 in Invocations
  8004 | D:9      | Reached XP level 10. HP: 45/91 MP: 10/10
  8056 | D:9      | Reached ** piety under Makhleb
  8328 | D:9      | Reached skill level 7 in Invocations
  8569 | D:9      | Noticed Prince Ribbit
  8583 | D:9      | Killed Prince Ribbit
  8845 | D:10     | Entered Level 10 of the Dungeon
  8845 | D:10     | Noticed a two-headed ogre
  9054 | D:10     | Killed a two-headed ogre
  9133 | D:10     | Found Opsojoni's Gadget Emporium.
  9137 | D:10     | Bought a wand of paralysis (5) for 98 gold pieces
  9257 | D:10     | Reached skill level 8 in Invocations
  9274 | D:10     | Found Voepn's Antique Weapon Emporium.
  9319 | D:10     | Bought a smouldering trident for 221 gold pieces
  9319 | D:10     | Identified the cursed +1 trident "Heovvu" {drain, +Blink}
                  | (You bought it in a shop on level 10 of the Dungeon)
  9751 | D:11     | Reached XP level 11. HP: 43/99 MP: 8/8
  9807 | D:11     | Found a staircase to the Lair.
  9807 | D:11     | Noticed an oklob plant
  9807 | D:11     | Noticed an oklob plant
  9970 | D:11     | Noticed an oklob plant
 10053 | D:11     | Reached *** piety under Makhleb
 10082 | D:11     | Noticed a two-headed ogre
 10095 | D:11     | Killed a two-headed ogre
 10095 | D:11     | Reached skill level 10 in Shields
 10095 | D:11     | Reached skill level 9 in Invocations
 10574 | D:11     | Found a staircase to the Orcish Mines.
 10927 | D:11     | Killed an oklob plant
 11171 | D:11     | an oklob plant changed into a wandering mushroom
 11278 | D:11     | Killed an oklob plant
 11334 | Lair:1   | Entered Level 1 of the Lair of Beasts
 11361 | Lair:1   | Reached skill level 10 in Invocations
 11492 | Lair:1   | Found a gate leading to a gauntlet.
 11502 | Gauntlet | Entered a Gauntlet
 11502 | Gauntlet | Found a transporter.
 11505 | Gauntlet | Found a transporter.
 11511 | Gauntlet | Found a transporter.
 11512 | Gauntlet | Found a transporter.
 11512 | Gauntlet | Found a transporter.
 11513 | Gauntlet | Found a transporter.
 11516 | Gauntlet | Noticed a wolf spider
 11521 | Gauntlet | Noticed a cacodemon
 11522 | Gauntlet | Found a transporter.
 11525 | Gauntlet | Found a transporter.
 11555 | Gauntlet | Found a transporter.
 11555 | Gauntlet | Noticed a hell beast
 11570 | Gauntlet | Found a transporter.
 11574 | Gauntlet | Found a transporter.
 11582 | Gauntlet | Found a transporter.
 11681 | Gauntlet | Reached skill level 5 in Axes
 11813 | Gauntlet | Got a flickering golden ring
 11815 | Gauntlet | Identified the ring of Yendor {*Tele Int+7} (You found it
                  | in a Gauntlet)
 11831 | Gauntlet | Got a pair of bloodstained gloves
 11848 | Gauntlet | Identified the +2 pair of gloves of Goha {Dex+2} (You found
                  | it in a Gauntlet)
 11868 | Gauntlet | Noticed a minotaur
 11874 | Gauntlet | Killed a minotaur
 12210 | Lair:1   | Reached **** piety under Makhleb
 12229 | Lair:1   | Reached XP level 12. HP: 51/109 MP: 7/7
 12263 | Lair:1   | Reached skill level 11 in Invocations
 12790 | Lair:2   | Found a staircase to the Snake Pit.
 13242 | Lair:2   | You fall into a shaft and drop 2 floors!
 14141 | Lair:3   | Identified a scroll of acquirement
 14570 | Lair:3   | Reached skill level 12 in Invocations
 14983 | Lair:4   | Reached skill level 10 in Armour
 15038 | Lair:4   | Found a staircase to the Shoals.
 15461 | Lair:5   | Found a staircase to the Slime Pits.
 15562 | Lair:5   | Noticed a four-headed hydra
 15568 | Lair:5   | Killed a four-headed hydra
 15704 | Lair:5   | Reached XP level 13. HP: 118/118 MP: 6/6
 16003 | Lair:5   | You fall into a shaft and drop 1 floor!
 16003 | Lair:6   | Entered Level 6 of the Lair of Beasts
 16024 | Lair:5   | Reached skill level 13 in Invocations
 16040 | Lair:5   | Reached ***** piety under Makhleb
 16044 | Lair:5   | You fall into a shaft and drop 1 floor!
 16096 | Lair:5   | Got an ancient platinum ring
 17551 | Lair:6   | Reached skill level 14 in Invocations
 17896 | Lair:6   | Gained mutation: You resist negative energy. (rN+) [Deep
                  | Dwarf growth]
 17896 | Lair:6   | Reached XP level 14. HP: 129/129 MP: 8/8
 18012 | Lair:6   | Reached ****** piety under Makhleb
 19080 | D:12     | Got a scorched falchion
 19081 | D:12     | Identified the +5 falchion of Reason {antimagic, Str+3
                  | Dex+2} (You found it on level 12 of the Dungeon)
 19196 | D:12     | Identified the Catalogue of the Mountains
 19211 | D:12     | Identified the ring of Discretion {rElec Slay+3 SInv} (You
                  | found it on level 5 of the Lair of Beasts)
 19641 | D:13     | Reached skill level 15 in Invocations
 19662 | D:13     | Found a gate to the Vaults.
 19728 | D:13     | Noticed Snorg
 19763 | D:13     | Killed Snorg
 19775 | D:13     | Found Zecur's Distillery.
 19779 | D:13     | Found Imunecagg's Distillery.
 19818 | D:13     | Found a frozen archway.
 19841 | IceCv    | Entered an ice cave
 20098 | IceCv    | Found an ancient bone altar of Kikubaaqudgha.
 20914 | D:13     | Noticed Rupert
 20923 | D:13     | Killed Rupert
 21264 | D:13     | Noticed Jorgrun
 21279 | D:13     | Killed Jorgrun
 21279 | D:13     | Reached skill level 10 in Fighting
 21280 | D:13     | Found a runed translucent gate.
 21281 | D:13     | Found a runed translucent gate.
 21282 | D:13     | Found a runed translucent gate.
 21284 | D:13     | Noticed MisterFreud's ghost (journeyman GnIE)
 21303 | D:13     | Killed MisterFreud's ghost
 21589 | D:14     | Reached skill level 16 in Invocations
 21689 | D:14     | Reached skill level 15 in Shields
 21834 | D:14     | Found a snail-covered altar of Cheibriados.
 21927 | D:14     | Reached XP level 15. HP: 138/138 MP: 11/11
 22169 | D:14     | Found a portal to a secret trove of treasure.
 22366 | D:15     | Entered Level 15 of the Dungeon
 22583 | D:15     | Found a staircase to the Depths.
 22694 | D:15     | Reached skill level 10 in Axes
 23375 | Orc:1    | Entered Level 1 of the Orcish Mines
 23476 | Orc:2    | Entered Level 2 of the Orcish Mines
 23503 | Orc:2    | Found Vounaex's Book Shop.
 23692 | Orc:2    | Found Dair's Gadget Shop.
 23755 | Orc:2    | HP: 5/140 [ice devil[an orc high priest] (14)]
 23755 | Orc:2    | Killed from afar by an orc priest

Illustrated notes

Levels and vault maps discovered:
D:1:      minmay_arrival_loop, layout_basic
D:2:      minmay_skewed_foursquare, layout_basic
D:3:      layout_basic, uniq_jessica
D:4:      layout_rooms, first_ration, minmay_starry_boxes, uniq_natasha
D:5:      layout_gridville, uniq_sigmund, uniq_duvessa
D:6:      layout_loops_corners, serial_glass, glass_columns_a, glass_columns_a,
          due_unseen_surprise, gup_sewer_entry_spiral, minivault_14
D:7:      layout_basic, gammafunk_temple_overflow_statue,
          minmay_temple_entry_crystal_x, serial_co_window_serial,
          co_window_of_opportunity_a, co_window_paths_a, co_window_paths_a,
          co_window_paths_b, co_window_paths_b, co_window_cross_2,
          co_window_broadway_b, co_window_unsneaky_path_c, co_window_corner_ca,
          co_window_4corner_a, glass_columns_c, glass_columns_a
D:8:      layout_basic, dancing_weapons_uskayaw
D:9:      layout_basic, overflow_temple_1_default, uniq_prince_ribbit1
D:10:     layout_loops_cross, serial_shops, shop,
          nicolae_shop_overgrown_old_shop
D:11:     layout_long_grid, dpeg_oklobed_lair, david_orc_4
D:12:     layout_basic
D:13:     layout_roguey, david_vaults_1, ebering_ghost_rock_garden,
          serial_shops, nicolae_shop_competitors_out_of_business, shop,
          portal_ice_cave_rime, uniq_snorg, uniq_jorgrun, uniq_rupert
D:14:     layout_irregular_city, enter_trove_3, cheibriados_altar_1
D:15:     gammafunk_depths_entry_grave, layout_loops_ring, nicolae_two_hexagons
Temple:   eino_narrow_crystal_temple
Lair:1:   layout_long_grid, gauntlet_entry_generic
Lair:2:   layout_misc_corridors, minmay_snake_entry_six_corridors, minivault_25
Lair:3:   layout_cave_pods, chequers_serial_rivers_small_3, st_stairs_5
Lair:4:   layout_misc_corridors, elwin_shoals_entry_rocks, minivault_26,
          dpeg_oklob_1, lemuel_fruit_fields
Lair:5:   layout_cave_pods, dpeg_slime_entry_corner, serial_bayou_pond_b
Lair:6:   evilmike_catoblepas_cave, layout_gridlike, serial_bayou_shore_a
Orc:1:    layout_diamond_mine, serial_shops, nicolae_shop_stone, basic_altar,
          uniq_josephine, uniq_harold
Orc:2:    st_orc_elflike, layout_caves, serial_shops, nicolae_shop_trees,
          basic_altar

Skill      XL: |  1  2  3  4  5  6  7  8  9 10 11 12 13 14 15 |
---------------+----------------------------------------------+-----
Fighting       | 1 2 3 4 5 6 7 8 9 10 | 10.4
Armour         | 1 2 3 4 5 6 7 8 9 10 11 12 | 12.2
Evocations     | 5 6 7 8 |  8.5
Shields        | 2 4 6 8 9 11 12 13 15 | 15.5
Invocations    | 1 6 8 10 12 14 16 | 16.7
Slings         | 1 3 |  3.0
Axes           | 1 3 5 7 8 9 10 | 10.2
Short Blades   | |  0.8
Dodging        | |  2.1
Stealth        | |  1.2

Action                   |  1- 3 |  4- 6 |  7- 9 | 10-12 | 13-15 || total
-------------------------+-------+-------+-------+-------+-------++-------
Melee: Short sword       |   156 |     5 |       |       |       ||   161
       Mace              |       |   264 |       |       |       ||   264
       Flail             |       |    10 |   698 |  1015 |     4 ||  1727
       Battleaxe         |       |       |       |       |   405 ||   405
       Trident           |       |       |       |       |     6 ||     6
       Falchion          |       |       |       |       |     4 ||     4
 Fire: Hunting sling     |       |       |    19 |   330 |   808 ||  1157
Throw: Dart              |     3 |    15 |    30 |    19 |     2 ||    69
Invok: Lesser Servant of |       |       |       |     2 |    21 ||    23
       Greater Servant o |       |       |       |       |     1 ||     1
 Abil: Heal Wounds       |       |     5 |     8 |    21 |     2 ||    36
       Evoke Blink       |       |       |       |     2 |     7 ||     9
Evoke: Wand              |     4 |    14 |    23 |    50 |    70 ||   161
       Box of beasts     |       |       |       |     1 |       ||     1
       Lightning rod     |       |       |       |     4 |    12 ||    16
       Phial of floods   |       |       |       |     1 |       ||     1
  Use: Scroll            |       |       |     8 |    17 |     9 ||    34
       Potion            |       |       |     1 |    11 |     3 ||    15
 Stab: Invisible         |       |     1 |       |     3 |       ||     4
       Paralysed         |       |       |       |     2 |       ||     2
  Eat: Chunk             |       |     8 |    18 |    24 |    26 ||    76
       Ration            |       |       |       |     2 |     1 ||     3
Armor: Leather armour    |     2 |       |       |       |       ||     2
       Chain mail        |   114 |   255 |   332 |    28 |   542 ||  1271
       Plate armour      |       |       |   128 |   701 |       ||   829
Dodge: Dodged            |    86 |   152 |   193 |   270 |   275 ||   976
Block: Kite shield       |       |    18 |   457 |   503 |       ||   978
       Tower shield      |       |       |       |   622 |   978 ||  1600
       Reflection        |       |       |       |       |    16 ||    16
       Other             |       |       |       |       |    94 ||    94
